 Dungeon Crawl Stone Soup version 0.23.2-33-g5129a83184 (webtiles) character file.

Game seed: 7541630875462730850

63 kae the Slasher (level 3, -2/34 HPs)
             Began as a Minotaur Fighter on July 24, 2019.
             Slain by an orc wizard
             ... wielding a +0 dagger
              (4 damage)
             ... on level 2 of the Dungeon on July 25, 2019.
             The game lasted 00:01:44 (895 turns).

kae the Slasher (Minotaur Fighter)                   Turns: 895, Time: 00:01:45

Health: -2/34      AC:  6    Str: 17 (20) XL:     3   Next: 89%
Magic:  2/2        EV: 12    Int:  3 (6)  God:
Gold:   52         SH:  0    Dex: 13 (14) Spells: 2/2 levels left

rFire    . . .     SeeInvis .   a - +0 long sword
rCold    . . .     Gourm    .   c - +0 shield
rNeg     . . .     Faith    .   b - +0 scale mail
rPois    .         Spirit   .   (helmet restricted)
rElec    .         Reflect  .   (no cloak)
rCorr    .         Harm     .   (no gloves)
MR       .....                  (no boots)
Stlth    ..........             (no amulet)
HPRegen  0.11/turn              (no ring)
MPRegen  0.08/turn              (no ring)

@: confused, agile, lethally poisoned (-2 -> -9), about to teleport
A: retaliatory headbutt, horns 2
a: no special abilities


You were on level 2 of the Dungeon.
You were not hungry.

You visited 1 branch of the dungeon, and saw 2 of its levels.

You collected 52 gold pieces.

Inventory:

Hand Weapons
 a - a +0 long sword (weapon)
Armour
 b - a +0 scale mail (worn)
 c - a +0 shield (worn)
Jewellery
 i - an uncursed ring of flight {unknown}
Scrolls
 h - a scroll of random uselessness {unknown}
 k - a scroll of identify {unknown}
 m - a scroll of fear {unknown}
Potions
 d - a potion of might
Comestibles
 f - 4 rations


   Skills:
 + Level 4.4 Fighting
 * Level 4.4 Long Blades
 - Level 3.6 Armour
 - Level 3.6 Shields


You had 2 spell levels left.
You didn't know any spells.
Your spell library was empty.

Dungeon Overview and Level Annotations

Branches:
Dungeon (2/15)

Altars:
The Shining One

Annotations:
D:2 Jessica


Innate Abilities, Weirdness & Mutations

You reflexively headbutt those who attack you in melee.
You have a pair of horns on your head.


Message History

* * * LOW HITPOINT WARNING * * *
The giant cockroach closely misses you.
As you read the scroll labeled ANIJEL VYSUKK, it crumbles to dust.
You feel strangely unstable.
It was a scroll of teleportation.
The adder barely misses you. You furiously retaliate!
You headbutt the adder.
You kill the adder!
The leopard gecko closely misses you. You furiously retaliate!
You headbutt the leopard gecko!
You kill the leopard gecko!
The orc closely misses you. You furiously retaliate!
You headbutt the orc.
You hear some strange, mumbled words.
You are confused.
The giant cockroach barely misses you.
The orc wizard hits you but does no damage.
You bump into the rock wall.
* * * LOW HITPOINT WARNING * * *
You feel sick. The orc hits you with a +0 dagger.
* * * LOW HITPOINT WARNING * * *
The giant cockroach misses you. Something hits you.
You die...

#............^.....#
#########..........#
#..........#
#..........#
#........ #........
#........
#######{.......
#....oo@s...(.#
#.....Ko......#
#.............#
#...@.........#
#.............#
#..............
#..............
...............


You could see 2 orc wizards, Jessica, an orc, a giant cockroach and a kobold.

Vanquished Creatures
  An adder (D:2)
  An ooze (D:1)
  A dart slug (D:1)
  4 leopard geckos
  An orc (D:2)
  2 ball pythons
  2 giant cockroaches
  3 goblins
  5 hobgoblins (D:1)
  4 jackals (D:1)
  A quokka (D:2)
  4 bats (D:1)
  3 frilled lizards
  5 kobolds (D:1)
  3 rats (D:1)
40 creatures vanquished.

Notes
Turn   | Place    | Note
-------+----------+-------------------------------------------
     0 | D:1      | kae the Minotaur Fighter began the quest for the Orb.
     0 | D:1      | Reached XP level 1. HP: 19/19 MP: 0/0
    50 | D:1      | Found a glowing golden altar of the Shining One.
    87 | D:1      | Reached XP level 2. HP: 27/27 MP: 1/1
   334 | D:1      | Reached XP level 3. HP: 33/33 MP: 2/2
   885 | D:2      | Noticed Jessica
   895 | D:2      | Slain by an orc wizard

Skill      XL: |  1  2  3 |
---------------+----------+-----
Long Blades    | 3 4 |  4.4
Fighting       | 4 |  4.4
Armour         | |  3.6
Shields        | |  3.6

Action                   || total
-------------------------++-------
Melee: Long sword        ||    91
       Headbutt          ||    11
  Use: Scroll            ||     2
       Potion            ||     2
Armor: Scale mail        ||    41
Dodge: Dodged            ||    41
Block: Shield            ||    46
       Rpst.: Long sword ||    10
